 Dungeon Sprint DCSS version 0.24-a0-246-gb963c9a (webtiles) character file.

Game seed: 13472242482010256196

25 MikeHunt the Magician (level 2, -7/20 HPs)
             Began as a Demigod Earth Elementalist on Apr 12, 2019.
             Mangled by Crazy Yiuf
             ... wielding a +4 quarterstaff of chaos
              (14 damage)
             ... in the Dungeon (Sprint III: "The Ten Rune Challenge").
             The game lasted 00:01:28 (484 turns).

MikeHunt the Magician (Demigod Earth Elementalist)   Turns: 484, Time: 00:01:28

Health: -7/20      AC:  2    Str: 11    XL:     2   Next: 66%
Magic:  0/10       EV: 12    Int: 19    God:
Gold:   12         SH:  0    Dex: 16    Spells: 8/9 levels left

rFire    . . .     SeeInvis .   (no weapon)
rCold    . . .     Gourm    .   (no shield)
rNeg     . . .     Faith    .   c - +0 robe
rPois    .         Spirit   .   (no helmet)
rElec    .         Reflect  .   (no cloak)
rCorr    .         Harm     .   (no gloves)
MR       .....     NoTele   +   (no boots)
Stlth    ++........             (no amulet)
HPRegen  0.06/turn              (no ring)
MPRegen  0.12/turn              (no ring)

@: no status effects
A: high mp 1
a: no special abilities


You were in the Dungeon.
You were not hungry.

You visited 1 branch You collected 12 gold pieces.

Inventory:

Missiles
 b - 11 stones (quivered)
Armour
 c - a +0 robe (worn)
Scrolls
 j - a scroll of blinking
Potions
 e - a potion of curing
 f - a potion of heal wounds
 g - a potion of haste
 h - 2 potions of magic
 i - a potion of berserk rage
Comestibles
 d - a ration


   Skills:
 - Level 1.7 Dodging
 - Level 1.7 Stealth
 + Level 4.4 Spellcasting
   Level 0.8 Transmutations
 + Level 3.8 Earth Magic


You had 8 spell levels left.
You knew the following spells:

 Your Spells              Type           Power        Failure   Level  Hunger
e - Sandblast             Erth           ###...       2%          1    None

Your spell library contained the following spells:

 Spells                   Type           Power        Failure   Level  Hunger
 Passwall                 Tmut/Erth      ##......     8%          2    #......
 Stone Arrow              Conj/Erth      ##....       19%         3    ###....
 Petrify                  Tmut/Erth      ##......     45%         4    ####...
 Lee's Rapid Deconstruct  Erth           ###.......   58%         5    ######.


Dungeon Overview and Level Annotations

Branches:
Dungeon (1/1)

Annotations:
D Crazy Yiuf


Innate Abilities, Weirdness & Mutations

You have an increased reservoir of magic. (+10% MP)


Message History

Confirm with . or Enter, or press ? or * to list all spells.
Aiming: Sandblast (safe; 2% risk of failure)
Press: ? - help, Shift-Dir - straight line, f/p - Crazy Yiuf
Aim: Crazy Yiuf, wielding a +4 quarterstaff of chaos and wearing a +2 cloak (severely wounded)
The blast of sand hits Crazy Yiuf.
Crazy Yiuf is almost dead.
b - 12 stones Crazy Yiuf hits you with a +4 quarterstaff of chaos.
Crazy Yiuf barely misses you.
Casting: Sandblast (safe; 2% risk of failure)
Confirm with . or Enter, or press ? or * to list all spells.
Aiming: Sandblast (safe; 2% risk of failure)
Press: ? - help, Shift-Dir - straight line, f/p - Crazy Yiuf
Aim: Crazy Yiuf, wielding a +4 quarterstaff of chaos and wearing a +2 cloak (almost dead)
The blast of sand hits Crazy Yiuf but does no damage.
Crazy Yiuf is almost dead.
b - 11 stones Crazy Yiuf hits you with a +4 quarterstaff of chaos!
Ouch! That really hurt!
You die...

▓▓▓▓▓▓▓▓▓
▓<..#...####
▓...#......##
▓..##.......# .#
▓##.##.##...# .#
##.##.###@.# ..#
▓#.####.##g.# ...+
▓.###..##..##
#...# ▓#.....##..#
#....#
###..##...##.....#
##..##....#......#
#..###..##.#.....#
#[.# #.. ####....#
▓▓▓▓ ▓▓▓ ▓▓▓▓▓


You could see Crazy Yiuf.

Vanquished Creatures
  A human (D)
  An ooze (D)
  3 rats (D)
5 creatures vanquished.

Vanquished Creatures (others)
  2 draconian scorchers (D)
  6 hellions (D)
  A yaktaur (D)
9 creatures vanquished.

Grand Total: 14 creatures vanquished

Notes
Turn   | Place    | Note
-------+----------+-------------------------------------------
     0 | D        | MikeHunt the Demigod Earth Elementalist began the quest for
                  | the Orb.
     0 | D        | Reached XP level 1. HP: 14/14 MP: 5/5
    14 | D        | Reached skill level 2 in Spellcasting
    19 | D        | Reached skill level 3 in Spellcasting
    83 | D        | Killed a yaktaur
   106 | D        | Killed a hellion
   109 | D        | Killed a hellion
   109 | D        | Killed a hellion
   110 | D        | Killed a hellion
   119 | D        | Killed a hellion
   159 | D        | Killed a hellion
   195 | D        | Killed a white draconian scorcher
   242 | D        | Killed a white draconian scorcher
   412 | D        | Reached skill level 4 in Spellcasting
   412 | D        | Reached XP level 2. HP: 16/20 MP: 0/10
   469 | D        | Noticed Crazy Yiuf
   484 | D        | Mangled by Crazy Yiuf

Levels and vault maps discovered:
D:        dungeon_sprint_mu [sprint_mu_entry_cave, sprint_mu_temple_rooms,
          sprint_mu_d1_horrors, sprint_mu_d2_genie, sprint_mu_d3_branching,
          sprint_mu_orc_legion, sprint_mu_elf_gauntlet, sprint_mu_hive_nellie,
          sprint_mu_lair_fedhas, sprint_mu_vaults_butterflies,
          sprint_mu_slime_circle, sprint_mu_shoals_archi,
          sprint_mu_snake_twists, sprint_mu_blade_basic, sprint_mu_crypt_lich,
          sprint_mu_tomb_spiral, sprint_mu_vestibule_basic,
          sprint_mu_gehenna_hellfire, sprint_mu_dis_giant,
          sprint_mu_tartarus_statrot, sprint_mu_cocytus_islands, sprint_mu_zot1]

Skill      XL: |  1 |
---------------+----+-----
Spellcasting   | 4 |  4.4
Earth Magic    | 3 |  3.8
Dodging        | |  1.7
Stealth        | |  1.7
Transmutations | |  0.8

Action                   || total
-------------------------++-------
Melee: Unarmed           ||    24
 Cast: Sandblast         ||    19
Armor: Robe              ||     4
Dodge: Dodged            ||    19

Table legend:
 A = Non-vault XP
 B = Vault XP
 C = Vault XP percentage of total XP
 D = Non-vault monster count
 E = Vault monster count
 F = Vault count percentage of total count
                 A         B        C        D         E       F
            +---------+---------+-------+---------+---------+-------
      Total |       0 |      37 | 100.0 |       0 |       5 | 100.0
            +---------+---------+-------+---------+---------+-------
          D |       0 |      37 | 100.0 |       0 |       5 | 100.0
            +---------+---------+-------+---------+---------+-------
